 Dungeon Crawl Stone Soup version 0.24-a0-516-g9de272b (webtiles) character file.

Game seed: 1454764350894038058

569 robbits the Fighter (level 7, -6/63 HPs)
             Began as a Gnoll Wanderer on July 22, 2019.
             Shot with an arrow by a centaur (14 damage)
             ... on level 5 of the Dungeon.
             The game lasted 00:06:51 (5049 turns).

robbits the Fighter (Gnoll Wanderer)                Turns: 5049, Time: 00:06:52

Health: -6/63      AC:  6    Str: 15    XL:     7   Next: 33%
Magic:  10/10      EV: 11    Int: 14    God:
Gold:   315        SH:  0    Dex: 16    Spells: 9/10 levels left

rFire    . . .     SeeInvis .   j - +0 short sword (speed)
rCold    . . .     Gourm    .   (no shield)
rNeg     . . .     Faith    .   n - +0 ring mail (curse)
rPois    .         Spirit   .   g - +0 helmet
rElec    .         Reflect  .   (no cloak)
rCorr    .         Harm     .   (no gloves)
MR       .....                  (no boots)
Stlth    ++........             (no amulet)
HPRegen  0.20/turn              (no ring)
MPRegen  0.12/turn              (no ring)

@: lethally poisoned (-6 -> -8)
A: distributed training, fangs 1, strong nose
a: no special abilities


You were on level 5 of the Dungeon.
You were hungry.

You visited 2 branches of the dungeon, and saw 6 of its levels.

You collected 315 gold pieces.

Inventory:

Hand Weapons
 a - a +2 dagger
 c - a +0 spear
 d - a +0 falchion
 j - a +0 short sword of speed (weapon)
Missiles
 i - 4 boomerangs
 p - 24 poisoned darts
 r - a curare-tipped dart (quivered)
 s - a throwing net
Armour
 e - a +1 robe
 g - a +0 helmet (worn)
 n - a cursed +0 ring mail (worn)
Scrolls
 b - a scroll of enchant armour
 h - a scroll of enchant weapon {unknown}
 l - 2 scrolls of identify
 u - a scroll of fear
 v - a scroll of remove curse {unknown}
Potions
 k - a potion of agility {unknown}
 m - a potion of heal wounds
 o - a potion of haste
 q - 6 potions of curing
Comestibles
 f - 12 rations


   Skills:
 + Level 8.9 Fighting
 + Level 2.3 Short Blades
 + Level 5.2 Long Blades
 + Level 2.3 Axes
 + Level 2.3 Maces & Flails
 + Level 2.3 Polearms
 + Level 2.3 Staves
 + Level 2.3 Slings
 + Level 2.3 Bows
 + Level 2.3 Crossbows
 + Level 5.2 Throwing
 + Level 2.3 Armour
 + Level 2.3 Dodging
 + Level 4.8 Stealth
 + Level 2.3 Shields
 + Level 2.3 Unarmed Combat
 + Level 2.3 Spellcasting
 + Level 1.9 Conjurations
 + Level 1.9 Hexes
 + Level 1.9 Charms
 + Level 1.9 Summonings
 + Level 1.9 Necromancy
 + Level 1.9 Translocations
 + Level 1.9 Transmutations
 + Level 1.9 Fire Magic
 + Level 1.9 Ice Magic
 + Level 1.9 Air Magic
 + Level 1.9 Earth Magic
 + Level 1.9 Poison Magic
 + Level 2.6 Invocations
 + Level 2.3 Evocations


You had 9 spell levels left.
You knew the following spells:

 Your Spells              Type           Power        Failure   Level  Hunger
a - Beastly Appendage     Tmut           #.....       21%         1    #......

Your spell library contained the following spells:

 Spells                   Type           Power        Failure   Level  Hunger
 Sticks to Snakes         Tmut           #.......     30%         2    ###....
 Spider Form              Tmut/Pois      #.........   52%         3    ###....
 Ice Form                 Ice/Tmut       #.......     89%         4    #####..
 Blade Hands              Tmut           #.........   99%         5    ######.


Dungeon Overview and Level Annotations

Branches:
Dungeon (5/15)             Temple (1/1) D:4

Altars:
Ashenzari
Cheibriados
Dithmenos
Elyvilon
Fedhas
Gozag
Hepliaklqana
Kikubaaqudgha
Makhleb
Qazlal
Ru
Sif Muna
Trog
Vehumet
Wu Jian
Xom
Yredelemnul
Zin
The Shining One


Innate Abilities, Weirdness & Mutations

Your experience applies equally to all skills.
You have very sharp teeth.
Your uncanny sense of smell can sniff out nearby items.


Message History

You closely miss the worker ant.
The worker ant is heavily wounded.
You feel sick.
You hit the worker ant.
The worker ant is heavily wounded.
The worker ant misses you.
You closely miss the worker ant.
The worker ant is heavily wounded.
The worker ant barely misses you.
You hit the worker ant but do no damage.
You bite the worker ant, but do no damage.
The worker ant is heavily wounded.
You feel sick. The worker ant closely misses you.
It was a potion of magic.
Magic courses through your body. The worker ant bites you.
* * * LOW HITPOINT WARNING * * *
The centaur shoots an arrow.
The arrow hits you!
* * * LOW HITPOINT WARNING * * *
The centaur shoots an arrow.
The arrow hits you!
You die...

#......## ##.....####
#........# #.
##........# ###..
#........######.....
#.......####.......#
##.......#.c).......#
#...........(........
#....##..@a##(.......
#...###.####.(.......
#.####..# #..........
######.###...........
#.<.# #...........
#.......##............
....####...............
### ##..............
#..........>...


You could see a centaur and a worker ant.

Vanquished Creatures
  Sigmund (D:2)
  A phantom (D:4)
  An iguana (D:3)
  Terence (D:2)
  Natasha (twice) (D:2)
  2 worker ants (D:4)
  A howler monkey skeleton (D:4)
  7 gnolls
  2 adders
  An ooze (D:1)
  A dart slug (D:1)
  5 leopard geckos
  An orc (D:4)
  3 bats
  4 giant cockroaches
  4 goblins
  7 hobgoblins
  12 jackals
  A ball python (D:3)
  6 frilled lizards
  6 kobolds
  8 rats
77 creatures vanquished.

Vanquished Creatures (others)
  3 toadstools (D:1)
3 creatures vanquished.

Grand Total: 80 creatures vanquished

Notes
Turn   | Place    | Note
-------+----------+-------------------------------------------
     0 | D:1      | robbits the Gnoll Wanderer began the quest for the Orb.
     0 | D:1      | robbits set off with the following items: a +2 dagger, 2
                  | curare-tipped darts, a +0 spear, a +0 falchion, a +0 robe,
                  | a ration
     0 | D:1      | Reached XP level 1. HP: 26/26 MP: 1/1
   105 | D:1      | Reached XP level 2. HP: 10/33 MP: 2/2
   534 | D:1      | Reached XP level 3. HP: 25/38 MP: 3/3
  1026 | D:2      | Reached skill level 1 in Invocations
  1413 | D:2      | Reached skill level 1 in Short Blades
  1413 | D:2      | Reached skill level 1 in Axes
  1413 | D:2      | Reached skill level 1 in Maces & Flails
  1413 | D:2      | Reached skill level 1 in Polearms
  1413 | D:2      | Reached skill level 1 in Staves
  1413 | D:2      | Reached skill level 1 in Slings
  1413 | D:2      | Reached skill level 1 in Bows
  1413 | D:2      | Reached skill level 1 in Crossbows
  1413 | D:2      | Reached skill level 1 in Armour
  1413 | D:2      | Reached skill level 1 in Dodging
  1413 | D:2      | Reached skill level 1 in Shields
  1413 | D:2      | Reached skill level 1 in Unarmed Combat
  1413 | D:2      | Reached skill level 1 in Spellcasting
  1413 | D:2      | Reached skill level 1 in Evocations
  1413 | D:2      | Reached XP level 4. HP: 27/45 MP: 5/5
  2069 | D:2      | Reached skill level 1 in Conjurations
  2069 | D:2      | Reached skill level 1 in Hexes
  2069 | D:2      | Reached skill level 1 in Charms
  2069 | D:2      | Reached skill level 1 in Summonings
  2069 | D:2      | Reached skill level 1 in Necromancy
  2069 | D:2      | Reached skill level 1 in Translocations
  2069 | D:2      | Reached skill level 1 in Transmutations
  2069 | D:2      | Reached skill level 1 in Fire Magic
  2069 | D:2      | Reached skill level 1 in Ice Magic
  2069 | D:2      | Reached skill level 1 in Air Magic
  2069 | D:2      | Reached skill level 1 in Earth Magic
  2069 | D:2      | Reached skill level 1 in Poison Magic
  2112 | D:2      | Noticed Natasha
  2134 | D:2      | Killed Natasha
  2134 | D:2      | Reached XP level 5. HP: 19/51 MP: 6/6
  2243 | D:2      | Noticed Natasha
  2256 | D:2      | Killed Natasha
  2367 | D:2      | Noticed Terence
  2387 | D:2      | Killed Terence
  2562 | D:2      | Noticed Sigmund
  2576 | D:2      | Killed Sigmund
  2576 | D:2      | Reached skill level 5 in Long Blades
  2576 | D:2      | Reached skill level 5 in Throwing
  2576 | D:2      | Reached XP level 6. HP: 57/57 MP: 7/9
  3257 | D:3      | Found a glowing silver altar of Zin.
  3640 | D:4      | Reached XP level 7. HP: 50/63 MP: 10/10
  4018 | D:4      | Found a staircase to the Ecumenical Temple.
  4080 | Temple   | Entered the Ecumenical Temple
  4927 | D:4      | Learned a level 1 spell: Beastly Appendage
  4992 | D:5      | Entered Level 5 of the Dungeon
  5049 | D:5      | Shot with an arrow by a centaur

Levels and vault maps discovered:
D:1:      roderic_octagonal_star, layout_loops_ring, minmay_gold_behind_fungi,
          grunt_decor_resistance
D:2:      layout_loops_cross, kennysheep_generic_room_12, uniq_sigmund,
          uniq_natasha, uniq_terence
D:3:      layout_rooms, marbit_many_paths, grunt_decor_fettered
D:4:      layout_basic, minmay_temple_entry_statues_fountains,
          chequers_arboretum
D:5:      layout_cave_pods, first_ration, kennysheep_windowed_goal
Temple:   hc_temple_tempest_star

Skill      XL: |  1  2  3  4  5 |
---------------+----------------+-----
Invocations    | 1 2 |  2.6
Short Blades   | 1 2 |  2.3
Axes           | 1 2 |  2.3
Maces & Flails | 1 2 |  2.3
Polearms       | 1 2 |  2.3
Staves         | 1 2 |  2.3
Slings         | 1 2 |  2.3
Bows           | 1 2 |  2.3
Crossbows      | 1 2 |  2.3
Armour         | 1 2 |  2.3
Dodging        | 1 2 |  2.3
Shields        | 1 2 |  2.3
Unarmed Combat | 1 2 |  2.3
Spellcasting   | 1 2 |  2.3
Evocations     | 1 2 |  2.3
Conjurations   | 1 |  1.9
Hexes          | 1 |  1.9
Charms         | 1 |  1.9
Summonings     | 1 |  1.9
Necromancy     | 1 |  1.9
Translocations | 1 |  1.9
Transmutations | 1 |  1.9
Fire Magic     | 1 |  1.9
Ice Magic      | 1 |  1.9
Air Magic      | 1 |  1.9
Earth Magic    | 1 |  1.9
Poison Magic   | 1 |  1.9
Long Blades    | 5 |  5.2
Throwing       | 5 |  5.2
Fighting       | |  8.9
Stealth        | |  4.8

Action                   |  1- 3 |  4- 6 |  7- 9 || total
-------------------------+-------+-------+-------++-------
Melee: Dagger            |    31 |     2 |       ||    33
       Bite              |     8 |     9 |     6 ||    23
       Short sword       |    71 |   158 |    41 ||   270
       Punch             |     1 |     2 |     1 ||     4
       Spear             |       |       |    14 ||    14
Throw: Dart              |     1 |     1 |       ||     2
  Use: Scroll            |       |     7 |     1 ||     8
       Potion            |       |     1 |     1 ||     2
 Stab: Sleeping          |     7 |     8 |     1 ||    16
  Eat: Chunk             |     1 |     7 |     1 ||     9
       Ration            |       |       |     1 ||     1
Armor: Robe              |    13 |     9 |     4 ||    26
       Ring mail         |       |       |     2 ||     2
Dodge: Dodged            |    75 |    51 |    26 ||   152

Table legend:
 A = Non-vault XP
 B = Vault XP
 C = Vault XP percentage of total XP
 D = Non-vault monster count
 E = Vault monster count
 F = Vault count percentage of total count
                 A         B        C        D         E       F
            +---------+---------+-------+---------+---------+-------
      Total |     503 |     310 |  38.1 |      71 |       6 |   7.8
            +---------+---------+-------+---------+---------+-------
        D:1 |      76 |       0 |   0.0 |      32 |       0 |   0.0
        D:2 |     119 |     296 |  71.3 |      15 |       5 |  25.0
        D:3 |      77 |      14 |  15.4 |      12 |       1 |   7.7
        D:4 |     231 |       0 |   0.0 |      12 |       0 |   0.0
            +---------+---------+-------+---------+---------+-------
